 Dungeon Crawl Stone Soup version 0.30-a0-739-gea05faddec (webtiles) character file.

Game seed: 14560175416156667293

65 pokeman the Magician (level 3, -5/20 HPs)
             Began as a Deep Elf Hedge Wizard on Feb 4, 2023.
             Splashed by a jelly's acid (7 damage)
             ... on level 1 of the Dungeon.
             The game lasted 00:03:25 (2824 turns).

pokeman the Magician (Deep Elf Hedge Wizard)        Turns: 2824, Time: 00:03:26

Health: -5/20      AC:  0    Str:  7    XL:     3   Next: 92%
Magic:  7/12       EV: 12    Int: 20    God:
Gold:   38         SH:  0    Dex: 14    Spells: 5/13 levels left

rFire   . . .      SeeInvis .    k - +0 short sword (venom)
rCold   . . .      Faith    .    (no shield)
rNeg    . . .      Spirit   .    b - +0 robe
rPois   .          Reflect  .    c - +0 hat
rElec   .          Harm     .    (no cloak)
rCorr   .          Rampage  .    e - +0 pair of gloves
Will    .....                    (no boots)
Stlth   ++                       (no amulet)
HPRegen 0.23/turn                s - +4 ring of protection
MPRegen 0.13/turn                (no ring)

@: corroded, on blink cooldown
A: no striking features
a: no special abilities


You were on level 1 of the Dungeon.
You visited 1 branch of the dungeon, and saw 2 of its levels.

You collected 142 gold pieces.
You spent 104 gold pieces at shops.

Inventory:

Hand Weapons
 k - a +0 short sword of venom (weapon)
Armour
 b - a +0 robe (worn)
 c - a +0 hat (worn)
 e - a +0 pair of gloves (worn)
Magical Staves
 r - a staff of death
Jewellery
 s - a +4 ring of protection (left hand)
Scrolls
 a - a scroll of poison {unknown}
 g - a scroll of vulnerability {unknown}
 i - a scroll of fear {unknown}
 m - 4 scrolls of identify
 n - a scroll of blinking {unknown}
 o - 2 scrolls of noise {unknown}
 p - a scroll of magic mapping
 q - a scroll of teleportation {unknown}
 t - a scroll of silence {unknown}
Potions
 d - a potion of magic
 f - a potion of flight {unknown}
 h - a potion of haste {unknown}
 j - a potion of mutation {unknown}
 l - 2 potions of curing {unknown}


   Skills:
 - Level 1.0 Fighting
 - Level 1.0 Armour
 + Level 2.5 Dodging
 + Level 2.4 Stealth
 * Level 5.5 Spellcasting
 + Level 2.1 Conjurations
 - Level 1.1 Summonings
 - Level 1.1 Translocations


You had 5 spell levels left.
You knew the following spells:

 Your Spells              Type           Power      Damage    Failure   Level
a - Magic Dart            Conj           52%        1d5       4%          1
b - Mephitic Cloud        Conj/Pois/Air  8%         N/A       26%         3
c - Call Imp              Summ           9%         N/A       11%         2
d - Blink                 Tloc           18%        N/A       11%         2

Your spell library contained the following spells:

 Spells                   Type           Power      Damage    Failure   Level
 Slow                     Hex            20%        N/A       11%         1
 Cigotuvi's Dreadful Rot  Necr/Pois/Air  10%        N/A       17%         2


Dungeon Overview and Level Annotations

Branches:
Dungeon (2/15)

Altars:

Shops:
D:1 *


Message History

Your white imp hits the endoplasm.
Your white imp freezes the endoplasm.
You hit the endoplasm but do no damage.
The endoplasm is poisoned.
The endoplasm is almost dead.
The endoplasm freezes you.
You are frozen.
Your white imp hits the endoplasm.
The endoplasm dies!
Your white imp gestures at the endoplasm.
The puff of frost hits the endoplasm.
You barely miss the endoplasm.
The endoplasm is almost dead.
The endoplasm freezes you.
You are frozen.
Your white imp hits the endoplasm.
The endoplasm dies!
Your white imp hits the rat.
Your white imp freezes the rat.
The rat dies!
Your white imp hits the endoplasm.
Your white imp freezes the endoplasm.
You hit the endoplasm.
You kill the endoplasm!
Your white imp hits the jackal.
Your white imp freezes the jackal.
You closely miss the jackal.
The jackal is almost dead.
The jackal bites you but does no damage.
The jackal closely misses you.
Your white imp hits the jackal.
The jackal dies!
Your white imp disappears in a puff of smoke!
You hit the jelly. The acid corrodes you!
Your hands burn!
The jelly is lightly wounded.
The jelly hits you.
You are splashed with acid!
* * * LOW HITPOINT WARNING * * *
The jelly attacks as you move away! The jelly closely misses you.
Casting: Call Imp (safe; 11% risk of failure)
Confirm with . or Enter, or press ? or * to list all spells.
You blink.
Casting: Blink (safe; 11% risk of failure)
Confirm with . or Enter, or press ? or * to list all spells.
A beastly little devil appears in a puff of flame.
The jelly hits you.
* * * LOW HITPOINT WARNING * * *
The acid corrodes you!
You are splashed with acid!
You die...

#####.#########
#.............#
#.###.#######.# #.# #.# #.#
#.# #.# #.#
#####.###.#######.#####
###......................
#...###+#######+###.#####
#.#.#..⌠@..>...⌠..#.#
#.#.#...J.§<......#.#
#.#.'⌠..5.###....⌠'.#
#...#....J........#.#
#####...#######w#######.#####
#.......#....BJhrr....#.##...
#.#####.#.....JB......#.##.##
#†# #.#.............#......
#.# #.###############......


You could see a worm, a jelly, 3 endoplasms, a jackal, 2 giant cockroaches, a
rat and a friendly crimson imp (summoned).

Vanquished Creatures
  2 dart slugs
  3 worms (D:2)
  4 ball pythons
  5 bats
  3 endoplasms
  A giant cockroach (D:1)
  2 goblins (D:2)
  3 hobgoblins (D:2)
  8 kobolds
  3 quokkas
  3 frilled lizards
  5 rats
42 creatures vanquished.

Vanquished Creatures (collateral kills)
  2 endoplasms (D:1)
  A jackal (D:1)
  3 rats (D:1)
6 creatures vanquished.

Grand Total: 48 creatures vanquished

Notes
Turn   | Place    | Note
-------+----------+-------------------------------------------
     0 | D:1      | pokeman the Deep Elf Hedge Wizard began the quest for the
                  | Orb.
     0 | D:1      | Reached XP level 1. HP: 10/10 MP: 7/7
     0 | D:1      | Noticed a jelly
     1 | D:1      | Found a runed translucent door.
   201 | D:1      | Reached XP level 2. HP: 15/15 MP: 2/9
   259 | D:1      | Found a faded altar of an unknown god.
   800 | D:1      | Found Hozi's General Store.
  1088 | D:2      | Reached skill level 5 in Spellcasting
  1259 | D:2      | Reached XP level 3. HP: 20/20 MP: 9/11
  1263 | D:2      | Learned a level 3 spell: Mephitic Cloud
  1266 | D:2      | Learned a level 2 spell: Call Imp
  1269 | D:2      | Learned a level 2 spell: Blink
  1550 | D:1      | Bought a scroll of identify for 22 gold pieces
  1550 | D:1      | Bought a scroll of magic mapping for 82 gold pieces
  2183 | D:2      | Reached skill level 1 in Fighting
  2331 | D:2      | Reached skill level 1 in Armour
  2824 | D:1      | Splashed by a jelly's acid

Illustrated notes

Levels and vault maps discovered:
D:1:      dpeg_arrival_caged_fury, layout_loops_ring,
          ebering_ecumenical_altar_abandoned, serial_shops,
          nicolae_shop_hallway_plus
D:2:      layout_basic

Skill      XL: |  1  2  3 |
---------------+----------+-----
Spellcasting   | 5 |  5.5
Fighting       | 1 |  1.0
Armour         | 1 |  1.0
Conjurations   | 2 |  2.1
Dodging        | |  2.5
Stealth        | |  2.4
Summonings     | |  1.1
Translocations | |  1.1

Action                     || total
---------------------------++-------
  Melee: Short sword       ||    15
   Cast: Magic Dart        ||    98
         Call Imp          ||     6
         Mephitic Cloud    ||     1
         Blink             ||     1
 Armour: Robe              ||     2
  Dodge: Dodged            ||     8

Table legend: (Time is in decaauts)
 A = Elapsed time spent in this place.
 B = Non-inter-level travel time spent in this place.
 C = Inter-level travel time spent in this place.
 D = Time resting spent in this place.
 E = Time spent auto-exploring this place.
 F = Levels seen in this place.
 G = Mean time per level.
                   A        B        C        D        E       F      G
               +--------+--------+--------+--------+--------+-----+--------+
         Total |   2824 |   2695 |    129 |    328 |   2122 |   2 | 1412.0 |
       Dungeon |   2824 |   2695 |    129 |    328 |   2122 |   2 | 1412.0 |
               +--------+--------+--------+--------+--------+-----+--------+

Top non-repeatable levels by time:
     D:1: 1450 daAuts
     D:2: 1373 daAuts
